 Dungeon Crawl Stone Soup version 0.24-a0-346-ge062c78e24 (webtiles) character file.

Game seed: 17524935250868316525

2 MisterOstroum the Sneak (level 1, 0/10 HPs)
             Began as a Spriggan Assassin on May 22, 2019.
             Slain by a frilled lizard (2 damage)
             ... on level 1 of the Dungeon.
             The game lasted 00:00:55 (78 turns).

MisterOstroum the Sneak (Spriggan Assassin)           Turns: 78, Time: 00:00:56

Health: 0/10       AC:  3    Str:  7    XL:     1   Next: 25%
Magic:  2/2        EV: 17    Int: 12    God:
Gold:   24         SH:  0    Dex: 17    Spells: 0/0 levels left

rFire    . . .     SeeInvis +   a - +2 dagger
rCold    . . .     Gourm    .   (shield restricted)
rNeg     . . .     Faith    .   b - +0 robe
rPois    .         Spirit   .   (helmet restricted)
rElec    .         Reflect  .   c - +0 cloak
rCorr    .         Harm     .   (gloves unavailable)
MR       .....                  (boots unavailable)
Stlth    +++.......             (no amulet)
HPRegen  0.03/turn              (no ring)
MPRegen  0.08/turn              (no ring)

@: very quick
A: very small, unfitting armour, see invisible, herbivore, speed 3, slow
metabolism 2
a: no special abilities


You were on level 1 of the Dungeon.
You were not hungry.

You visited 1 branch of the dungeon, and saw 1 of its levels.

You collected 24 gold pieces.

Inventory:

Hand Weapons
 a - a +2 dagger (weapon)
Missiles
 d - 5 poisoned darts (quivered)
 f - 2 curare-tipped darts
Armour
 b - a +0 robe (worn)
 c - a +0 cloak (worn)
Comestibles
 e - a ration


   Skills:
 + Level 1.6 Fighting
 + Level 2.2 Short Blades
 + Level 2.0 Throwing
 - Level 1.5 Dodging
 - Level 5.8 Stealth


You couldn't memorise any spells.
You didn't know any spells.
Your spell library was empty.

Dungeon Overview and Level Annotations

Branches:
Dungeon (1/15)

Altars:


Innate Abilities, Weirdness & Mutations

You are very small and have problems with some larger weapons.
You are too small for most types of armour.
You have supernaturally acute eyesight. (SInv)
You are a herbivore.
You cover ground extremely quickly.
You need to consume almost no food.


Message History

e - a ration;
f - 2 curare-tipped darts Welcome, MisterOstroum the Spriggan Assassin.
It is said that the Orb of Zot exists deep within this dungeon.
Press ? for a list of commands and other information.
Found two stairs.
You now have 8 gold pieces.
A hobgoblin comes into view. It is wielding a +0 club.
Throwing (i - inventory. (/) - cycle)
d - 8 poisoned darts (quivered)
Press: ? - help, Shift-Dir - straight line, f - hobgoblin
Aim: a hobgoblin, wielding a +0 club You throw a poisoned dart.
The poisoned dart hits the hobgoblin.
The hobgoblin is poisoned.
You hit the hobgoblin but do no damage.
The hobgoblin is severely wounded.
The hobgoblin hits you with a +0 club.
You hit the hobgoblin.
You kill the hobgoblin!
You see here a +0 club.
An ooze comes into view.
You see here a poisoned dart.
d - 8 poisoned darts (gained 1) Throwing (i - inventory. (/) - cycle)
d - 8 poisoned darts (quivered)
Press: ? - help, Shift-Dir - straight line, f - ooze
Aim: an ooze You throw a poisoned dart.
The poisoned dart hits the ooze.
Throwing (i - inventory. (/) - cycle)
d - 7 poisoned darts (quivered)
Press: ? - help, Shift-Dir - straight line, f/p - ooze
Aim: an ooze You throw a poisoned dart.
The poisoned dart hits the ooze.
Throwing (i - inventory. (/) - cycle)
d - 6 poisoned darts (quivered)
Press: ? - help, Shift-Dir - straight line, f/p - ooze
Aim: an ooze You throw a poisoned dart.
The poisoned dart barely misses the ooze.
Throwing (i - inventory. (/) - cycle)
d - 5 poisoned darts (quivered)
Press: ? - help, Shift-Dir - straight line, f/p - ooze
Aim: an ooze You throw a poisoned dart.
The poisoned dart hits the ooze.
Press: ? - help, v - describe, . - travel
Here: an ooze The floor.
You hit the ooze.
The ooze is moderately wounded.
The ooze completely misses you. The ooze hits you.
You hit the ooze.
The ooze is heavily wounded.
The ooze barely misses you.
You hit the ooze but do no damage.
The ooze is heavily wounded.
You hit the ooze but do no damage.
The ooze is heavily wounded.
The ooze hits you.
* * * LOW HITPOINT WARNING * * *
You hit the ooze.
The ooze is severely wounded.
The ooze hits you but does no damage.
Found a scale mail.
Found a white potion.
A rat comes into view.
Found a pair of gloves.
Found 19 stones.
You see here 16 gold pieces.
You now have 24 gold pieces (gained 16).
You hit the rat.
You kill the rat!
Things that are here:
a poisoned dart; a rat corpse
d - 5 poisoned darts (gained 1)
A frilled lizard comes into view.
The frilled lizard hisses angrily.
You completely miss the frilled lizard. The frilled lizard barely misses you.
You barely miss the frilled lizard. The frilled lizard bites you.
You die...

.......# #... ..##
#.....####...
.##...######.....#......
........................
........#..............(
........#.#........)....
.....................###
.......#..##.........###
#....l@.###............
#.#...#.............#..
#.###.#####...#.....# ..
#.####..#.....### ...
................. ..
......≈≈≈≈≈≈.≈≈≈#. #
......≈≈≈≈≈≈.≈≈≈≈≈.
......≈≈≈≈≈≈≈.≈≈≈≈≈≈
.....[≈≈≈8≈≈≈≈≈.≈≈8≈≈


You could see a frilled lizard.

Vanquished Creatures
  A hobgoblin (D:1)
  A rat (D:1)
2 creatures vanquished.

Notes
Turn   | Place    | Note
-------+----------+-------------------------------------------
     0 | D:1      | MisterOstroum the Spriggan Assassin began the quest for the
                  | Orb.
     0 | D:1      | Reached XP level 1. HP: 10/10 MP: 2/2
    78 | D:1      | Slain by a frilled lizard

Levels and vault maps discovered:
D:1:      nzn_arrival_water_spiral, layout_rooms

Action                   || total
-------------------------++-------
Melee: Dagger            ||    10
Throw: Dart              ||     5
Armor: Robe              ||     1
Dodge: Dodged            ||     3

Table legend:
 A = Non-vault XP
 B = Vault XP
 C = Vault XP percentage of total XP
 D = Non-vault monster count
 E = Vault monster count
 F = Vault count percentage of total count
                 A         B        C        D         E       F
            +---------+---------+-------+---------+---------+-------
      Total |       3 |       0 |   0.0 |       2 |       0 |   0.0
            +---------+---------+-------+---------+---------+-------
        D:1 |       3 |       0 |   0.0 |       2 |       0 |   0.0
            +---------+---------+-------+---------+---------+-------
